 Dungeon Crawl Stone Soup version 0.27-a0-1302-g7736ffe575 (webtiles) character file.

Game seed: 13464987018944287897

459 Froggeryz the Chopper (level 6, 0/40 (50) HPs)
             Began as a Palentonga Abyssal Knight on June 18, 2021.
             Was a Priest of Lugonu.
             Slain by Edmund (3 damage)
             ... on level 4 of the Dungeon.
             The game lasted 00:04:22 (5846 turns).

Froggeryz the Chopper (Palentonga Abyssal Knight)   Turns: 5846, Time: 00:04:23

HP:   0/40 (50)     AC: 10    Str: 17    XL:     6   Next: 78%
MP:   7/7           EV:  8    Int: 13    God:    Lugonu [***...]
Gold: 82            SH:  0    Dex:  9    Spells: 5/5 levels left

rFire    . . .     SeeInvis +   a - +1 hand axe
rCold    . . .     Faith    .   (no shield)
rNeg     . . .     Spirit   .   c - +0 ring mail
rPois    .         Reflect  .   b - +2 helmet
rElec    .         Harm     .   (no cloak)
rCorr    .         Rampage  .   e - +1 pair of gloves
Will     .....                  (no barding)
Stlth    ..........             (no amulet)
HPRegen  0.13/turn              (no ring)
MPRegen  0.10/turn              (no ring)

@: mighty, heavily drained
A: large, rugged brown scales 3, see invisible, deformed body, roll 1, armoured
tail
a: Rolling Charge, Renounce Religion, Depart the Abyss, Bend Space, Banish


You were on level 4 of the Dungeon.
You worshipped Lugonu.
Lugonu was most pleased with you.
You visited 1 branch of the dungeon, and saw 5 of its levels.
You visited the Abyss 1 time.

You collected 147 gold pieces.
You spent 65 gold pieces at shops.

Inventory:

Hand Weapons
 a - a +1 hand axe (weapon)
Missiles
 o - 5 silver javelins
Armour
 b - a +2 helmet (worn)
 c - a +0 ring mail (worn)
 e - a +1 pair of gloves (worn)
 q - a +1 kite shield of protection
Jewellery
 g - a ring of positive energy
 l - a +4 ring of evasion
Scrolls
 d - a scroll of magic mapping {unknown}
 j - 3 scrolls of teleportation {unknown}
 m - a scroll of fear {unknown}
 p - a scroll of noise {unknown}
 r - a scroll of fog {unknown}
 s - a scroll of acquirement {unknown}
Potions
 h - 5 potions of heal wounds
 i - a potion of haste
 k - a potion of might
 t - a potion of curing {unknown}
 u - a potion of mutation {unknown}


   Skills:
 - Level 3.0 Fighting
 + Level 6.8 Axes
 - Level 1.5 Armour
 - Level 0.7 Dodging
 + Level 2.0 Shields
 - Level 2.0 Invocations


You had 5 spell levels left.
You didn't know any spells.
Your spell library contained the following spells:

 Spells                   Type           Power      Damage    Failure   Level
 Beastly Appendage        Tmut           0%         N/A       50%         1
 Magic Dart               Conj           0%         1d3       50%         1
 Searing Ray              Conj           0%         3d3       63%         2
 Wereblood                Tmut           0%         N/A       63%         2
 Dazzling Flash           Conj/Hex       0%         N/A       86%         3
 Spider Form              Tmut/Pois      0%         N/A       86%         3
 Fulminant Prism          Conj/Hex       0%         3d6       99%         4
 Ice Form                 Ice/Tmut       0%         N/A       99%         4
 Iskenderun's Mystic Bla  Conj/Tloc      0%         2d3       99%         4


Dungeon Overview and Level Annotations

Branches:
Dungeon (5/15)
 Temple: D:4-7

Altars:
Elyvilon
Wu Jian
Yredelemnul

Shops:
D:4 !   D:5 *

Annotations:
D:4 Edmund


Innate Abilities, Weirdness & Mutations

You are completely covered in rugged brown scales. (AC +3, +7% HP)
You have supernaturally acute eyesight. (SInv)
Armour fits poorly on your strangely shaped body.
You can roll at nearby foes to attack.
You have a long armoured tail.


Message History

k - 2 potions of might
As you read the scroll of identify, it crumbles to dust.
i - a potion of haste
As you read the scroll of identify, it crumbles to dust.
n - a potion of degeneration Drop what? 20/52 slots (_ for help) (? for menu, Esc to quit)
You drop a potion of degeneration.
You climb downwards.
Level annotation: Edmund Edmund hits you with a +2 flail of draining.
You feel drained.
There is a stone staircase leading up here.
Edmund hits you but does no damage.
You feel drained.
You climb upwards.
There is a stone staircase leading down, spattered with blood here.
You see here a potion of degeneration.
You feel very mighty all of a sudden. Edmund hits you but does no damage.
You feel drained.
You closely miss Edmund.
Edmund hits you with a +2 flail of draining.
You feel drained.
You hit Edmund.
Edmund is lightly wounded.
Edmund barely misses you.
You slash Edmund! You tail-slap Edmund!
Edmund is severely wounded.
Edmund hits you with a +2 flail of draining!
You feel drained.
You barely miss Edmund.
Edmund is severely wounded.
Edmund hits you with a +2 flail of draining!
* * * LOW HITPOINT WARNING * * *
You feel drained.
* * * LOW HITPOINT WARNING * * *
Your ring mail prevents you from hitting Edmund.
Edmund is severely wounded.
Edmund hits you with a +2 flail of draining!
* * * LOW HITPOINT WARNING * * *
You feel drained.
You die...

.......#.## ##.#
.##...#..# #.##
###..#..## ##.#
##.(..# #.##
##.....## ##.###
##..###..## ##...#
...#####..## ##..###
.....# ##..####)@.#
.....# ##.....)@.#
####.## ##.....).##
♣♣♣#..# #...###..#
..♣##.###..## ##.#
...♣#..#..##
#.###### ...♣##...##
##......#
...♣♣#....#
###...#####
....♣#....###.>)#.##
....♣#.......)####.#


You could see Edmund.

Vanquished Creatures
  A water moccasin skeleton (D:5)
  A hound (D:3)
  A bullfrog skeleton (D:4)
  3 iguanas (D:4)
  10 gnolls
  6 adders
  2 worms (D:2)
  5 dart slugs
  5 orcs
  6 endoplasms
  4 giant cockroaches
  12 goblins
  7 hobgoblins
  4 jackals (D:3)
  4 quokkas
  11 ball pythons
  8 bats
  A frilled lizard (D:3)
  8 kobolds
  5 rats
104 creatures vanquished.

Notes
Turn   | Place    | Note
-------+----------+-------------------------------------------
     0 | Abyss:1  | Froggeryz the Palentonga Abyssal Knight began the quest for
                  | the Orb.
     0 | Abyss:1  | Reached XP level 1. HP: 19/19 MP: 2/2
    93 | Abyss:1  | Noticed a wight
   118 | D:1      | Escaped the Abyss
   298 | D:1      | Reached * piety under Lugonu
   301 | D:1      | Reached XP level 2. HP: 18/25 MP: 3/3
   327 | D:1      | Reached skill level 3 in Axes
   662 | D:1      | Reached XP level 3. HP: 31/31 MP: 4/4
   675 | D:1      | Found a faded altar of an unknown god.
  1090 | D:2      | Reached skill level 4 in Axes
  1312 | D:2      | Reached ** piety under Lugonu
  1313 | D:2      | Reached XP level 4. HP: 37/37 MP: 5/5
  1638 | D:2      | Reached skill level 5 in Axes
  1767 | D:2      | You fall into a shaft and drop 2 floors!
  1851 | D:4      | Found Ocayhihe's Distillery.
  1861 | D:4      | Bought a potion of heal wounds for 65 gold pieces
  1882 | D:4      | Reached XP level 5. HP: 35/43 MP: 6/6
  2106 | D:2      | Found an ornate altar of the Wu Jian Council.
  2831 | D:3      | Reached skill level 6 in Axes
  2989 | D:3      | Reached *** piety under Lugonu
  3431 | D:4      | Found a basalt altar of Yredelemnul.
  3489 | D:4      | Reached XP level 6. HP: 36/50 MP: 7/7
  4418 | D:4      | Found a white marble altar of Elyvilon.
  4689 | D:5      | Entered Level 5 of the Dungeon
  4690 | D:5      | Identified the +8 hunting sling of Departure {speed, rF+
                  | Will+}
  4880 | D:4      | HP: 1/50 [iguana (8)]
  4888 | D:4      | Reached skill level 1 in Shields
  5382 | D:5      | Noticed Edmund
  5431 | D:5      | Found Besudoept's Assorted Antiques.
  5846 | D:4      | Slain by Edmund

Illustrated notes

Levels and vault maps discovered:
D:1:      lightli_arrival_windingriver, layout_basic,
          ebering_ecumenical_altar_sacrificial, minmay_misc_feat_more_columns
D:2:      layout_loops_cross, basic_altar
D:3:      layout_basic
D:4:      layout_layer_cave, kennysheep_ying_yang, serial_shops, shop
D:5:      layout_cave_pools, nemelex_diamond_rough_becter,
          minmay_temple_entry_junction, serial_gnoll_camp,
          gnoll_camp_huts_basic, gnoll_camp_medium_01, gnoll_camp_mini_house,
          gnoll_camp_mini_hut, gnoll_camp_mini_shop, uniq_prince_ribbit1,
          uniq_edmund

Skill      XL: |  1  2  3  4  5  6 |
---------------+-------------------+-----
Axes           | 3 4 5 6 |  6.8
Shields        | 2 |  2.0
Fighting       | |  3.0
Armour         | |  1.5
Dodging        | |  0.7
Invocations    | |  2.0

Action                   |  1- 3 |  4- 6 || total
-------------------------+-------+-------++-------
Melee: Hand axe          |   102 |   221 ||   323
       Tailslap          |    10 |    22 ||    32
Invok: Depart the Abyss  |     1 |       ||     1
 Abil: Rolling Charge    |     2 |     1 ||     3
  Use: Scroll            |       |     3 ||     3
       Potion            |       |     2 ||     2
Armor: Ring mail         |    67 |    99 ||   166
Dodge: Dodged            |    45 |    99 ||   144

Table legend: (Time is in decaauts)
 A = Elapsed time spent in this place.
 B = Non-inter-level travel time spent in this place.
 C = Inter-level travel time spent in this place.
 D = Time resting spent in this place.
 E = Time spent auto-exploring this place.
 F = Levels seen in this place.
 G = Mean time per level.
                   A        B        C        D        E       F      G
               +--------+--------+--------+--------+--------+-----+--------+
         Total |   5876 |   5723 |    153 |   1376 |   3569 |   6 |  979.3 |
       Dungeon |   5758 |   5605 |    153 |   1376 |   3476 |   5 | 1151.6 |
         Abyss |    118 |    118 |      0 |      0 |     93 |   1 |  118.0 |
               +--------+--------+--------+--------+--------+-----+--------+

Top non-repeatable levels by time:
     D:4: 2545 daAuts
     D:1: 1070 daAuts
     D:3: 1045 daAuts
     D:2: 981 daAuts
 Abyss:1: 118 daAuts
     D:5: 115 daAuts
